[ AOE2 MATCH · #474617387 ]
Team RMItalians vs Britons
[ REPLAY ANALYSIS · EXTRACTED FROM THE RECORDED GAME ]
Feudal
13:56
Castle
21:10
Imperial
—
| APM avg | 25.3 |
| APM peak | 68 |
| eAPM avg | 13.1 |
| Villagers / military | 48 / 0 |
Focus
⚔️ 29.3% · 🌾 70.7%
Feudal
16:18
Castle
22:46
Imperial
37:16
| APM avg | 27.1 |
| APM peak | 44 |
| eAPM avg | 14.3 |
| Villagers / military | 66 / 49 |
Focus
⚔️ 20.4% · 🌾 79.6%
Fishing Ship ×38 · Magyar Huszar ×30 · Battering Ram ×8 · Demolition Raft ×8 · Fire Galley ×2 · Trebuchet (Packed) ×1
Feudal
16:26
Castle
22:27
Imperial
—
| APM avg | 28.6 |
| APM peak | 66 |
| eAPM avg | 13.0 |
| Villagers / military | 93 / 23 |
Focus
⚔️ 14.4% · 🌾 85.6%
Elephant Archer ×13 · Spearman ×9 · Scout Cavalry ×1
Feudal
13:48
Castle
31:23
Imperial
—
| APM avg | 28.1 |
| APM peak | 49 |
| eAPM avg | 19.4 |
| Villagers / military | 96 / 3 |
Focus
⚔️ 13.0% · 🌾 87.0%
Fishing Ship ×5 · Battering Ram ×3
Feudal
13:56
Castle
23:19
Imperial
38:44
| APM avg | 23.0 |
| APM peak | 47 |
| eAPM avg | 11.9 |
| Villagers / military | 56 / 81 |
Focus
⚔️ 30.4% · 🌾 69.6%
Archer ×75 · Fishing Ship ×8 · Mangonel ×2 · Spearman ×2 · Monk ×1 · Demolition Raft ×1
Feudal
16:24
Castle
24:26
Imperial
37:14
| APM avg | 16.3 |
| APM peak | 29 |
| eAPM avg | 11.0 |
| Villagers / military | 60 / 76 |
Focus
⚔️ 22.8% · 🌾 77.2%
Archer ×52 · Fishing Ship ×21 · Skirmisher ×15 · Spearman ×9
Feudal
12:51
Castle
17:33
Imperial
34:59
| APM avg | 24.2 |
| APM peak | 54 |
| eAPM avg | 17.6 |
| Villagers / military | 111 / 66 |
Focus
⚔️ 22.1% · 🌾 77.9%
Longbowman ×62 · Fishing Ship ×12 · Trebuchet (Packed) ×4
Feudal
14:28
Castle
21:08
Imperial
35:28
| APM avg | 22.1 |
| APM peak | 56 |
| eAPM avg | 13.4 |
| Villagers / military | 88 / 52 |
Focus
⚔️ 21.8% · 🌾 78.2%
Fishing Ship ×24 · Caravel ×14 · Organ Gun ×14 · Spearman ×12 · Skirmisher ×12
Match map
Initial resources + every placement click. Lines = walls · curves = elevation contours. ◆ gold · ⬟ stone · ● berries · ✦ relic · ◌ wall gap
Your base· Open — 12t gap
javier.dominguez's base· Open — 11t gap
younger's base· Open — 6t gap
Andrus's base· Open — unwalled flank
Division 4's base· Open — 4t gap
heibanbaomc2003's base· Open — 12t gap
Sairax's base· Open — 14t gap
Kei Nagase's base· Open — 5t gap
Smoothed initial terrain · ◌ = detected wall gap · hover for details
Inputs per minute
— 2384823078 - - javier.dominguez
Build order — 2384823078
79 actions detected in the replay
| 1:45 | Build | Town Center |
| 3:23 | Create | Villager (Male) |
| 3:42 | Build | House |
| 3:49 | Create | Villager (Male) |
| 3:49 | Create | Villager (Male) |
| 3:49 | Create | Villager (Male) |
| 4:44 | Create | Villager (Male) |
| 5:08 | Create | Villager (Male) |
| 5:36 | Build | House |
| 5:44 | Create | Villager (Male) |
| 6:07 | Create | Villager (Male) |
| 6:35 | Create | Villager (Male) |
| 7:03 | Build | House |
| 7:09 | Create | Villager (Male) |
| 7:21 | Create | Villager (Male) |
| 8:02 | Create | Villager (Male) |
| 8:31 | Create | Villager (Male) |
| 9:04 | Create | Villager (Male) |
| 9:11 | Build | House |
| 9:20 | Create | Villager (Male) |
| 9:40 | Create | Villager (Male) |
| 10:06 | Create | Villager (Male) |
| 10:10 | Build | Mill |
| 10:17 | Create | Villager (Male) |
| 10:52 | Build | Barracks |
| 10:58 | Build | Farm |
| 11:00 | Build | Farm |
| 11:06 | Build | Farm |
| 11:09 | Create | Villager (Male) |
| 11:46 | Research | Feudal Age |
| 11:59 | Build | Mining Camp |
| 12:22 | Create | Villager (Male) |
| 12:45 | Build | House |
| 12:54 | Build | Palisade Wall |
| 13:29 | Create | Villager (Male) |
| 13:56 | Age | Feudal Age |
| 14:16 | Build | Watch Tower |
| 14:25 | Build | Palisade Wall |
| 14:26 | Build | Palisade Wall |
| 14:27 | Build | Palisade Wall |
| 14:36 | Create | Villager (Male) |
| 14:47 | Build | Archery Range |
| 15:11 | Build | Lumber Camp |
| 15:20 | Research | Loom |
| 15:39 | Create | Villager (Male) |
| 15:55 | Create | Villager (Male) |
| 16:11 | Build | House |
| 16:31 | Create | Villager (Male) |
| 16:44 | Create | Villager (Male) |
| 17:08 | Create | Villager (Male) |
| 17:27 | Build | Market |
| 17:30 | Create | Villager (Male) |
| 17:51 | Build | House |
| 18:30 | Research | Castle Age |
| 19:43 | Build | Watch Tower |
| 19:49 | Build | Watch Tower |
| 21:10 | Age | Castle Age |
| 23:17 | Build | Castle |
| 23:47 | Create | Villager (Male) |
| 23:47 | Create | Villager (Male) |
| 23:59 | Create | Villager (Male) |
| 25:22 | Create | Villager (Male) |
| 25:22 | Create | Villager (Male) |
| 27:01 | Create | Villager (Male) |
| 27:55 | Build | Castle |
| 29:43 | Create | Villager (Male) |
| 29:43 | Create | Villager (Male) |
| 29:44 | Create | Villager (Male) |
| 30:03 | Create | Villager (Male) |
| 30:52 | Create | Villager (Male) |
| 31:04 | Create | Villager (Male) |
| 31:25 | Create | Villager (Male) |
| 32:17 | Create | Villager (Male) |
| 33:15 | Create | Villager (Male) |
| 33:16 | Create | Villager (Male) |
| 33:16 | Create | Villager (Male) |
| 34:37 | Create | Villager (Male) |
| 34:37 | Create | Villager (Male) |
| 34:38 | Create | Villager (Male) |
Build order — javier.dominguez
First 150 of 234 actions detected
| 0:04 | Build | House |
| 1:02 | Build | Town Center |
| 2:53 | Build | Dock |
| 3:16 | Create | Villager (Male) |
| 3:16 | Create | Villager (Male) |
| 3:16 | Create | Villager (Male) |
| 3:16 | Create | Villager (Male) |
| 4:50 | Create | Fishing Ship |
| 5:27 | Research | Loom |
| 5:54 | Create | Villager (Male) |
| 5:55 | Create | Villager (Male) |
| 6:00 | Create | Fishing Ship |
| 6:22 | Create | Villager (Male) |
| 6:22 | Create | Villager (Male) |
| 6:23 | Create | Villager (Male) |
| 6:28 | Build | House |
| 7:19 | Create | Villager (Male) |
| 7:19 | Create | Villager (Male) |
| 7:30 | Create | Villager (Male) |
| 8:02 | Create | Villager (Male) |
| 8:09 | Build | House |
| 8:21 | Build | House |
| 8:42 | Create | Villager (Male) |
| 8:47 | Create | Fishing Ship |
| 8:47 | Create | Fishing Ship |
| 9:10 | Create | Villager (Male) |
| 9:25 | Build | House |
| 9:32 | Create | Fishing Ship |
| 9:54 | Build | Mill |
| 10:01 | Create | Villager (Male) |
| 10:01 | Create | Villager (Male) |
| 10:39 | Build | Dock |
| 10:52 | Create | Villager (Male) |
| 10:58 | Build | House |
| 11:13 | Create | Fishing Ship |
| 11:13 | Create | Fishing Ship |
| 11:31 | Build | Lumber Camp |
| 11:32 | Create | Villager (Male) |
| 11:33 | Create | Villager (Male) |
| 11:47 | Create | Fishing Ship |
| 11:47 | Create | Fishing Ship |
| 11:48 | Create | Fishing Ship |
| 12:11 | Create | Villager (Male) |
| 12:11 | Create | Villager (Male) |
| 12:11 | Create | Villager (Male) |
| 12:22 | Create | Fishing Ship |
| 12:26 | Create | Fishing Ship |
| 12:26 | Create | Fishing Ship |
| 13:02 | Build | House |
| 13:14 | Create | Villager (Male) |
| 13:18 | Create | Villager (Male) |
| 13:22 | Create | Fishing Ship |
| 13:22 | Create | Fishing Ship |
| 13:22 | Create | Fishing Ship |
| 13:22 | Create | Fishing Ship |
| 13:23 | Create | Fishing Ship |
| 14:08 | Research | Feudal Age |
| 14:09 | Research | Feudal Age |
| 14:27 | Build | Barracks |
| 15:06 | Build | Mining Camp |
| 16:08 | Create | Villager (Male) |
| 16:08 | Create | Villager (Male) |
| 16:18 | Age | Feudal Age |
| 16:27 | Build | House |
| 16:28 | Build | House |
| 16:30 | Research | Double-Bit Axe |
| 16:30 | Research | Double-Bit Axe |
| 16:32 | Create | Demolition Raft |
| 16:34 | Research | Tech 906 |
| 16:45 | Build | Watch Tower |
| 16:48 | Build | Palisade Wall |
| 16:50 | Build | Palisade Wall |
| 17:11 | Create | Villager (Male) |
| 17:14 | Build | Dock |
| 17:38 | Create | Villager (Male) |
| 17:46 | Build | Market |
| 17:52 | Create | Villager (Male) |
| 18:13 | Create | Villager (Male) |
| 18:23 | Create | Fishing Ship |
| 18:23 | Create | Fishing Ship |
| 18:26 | Build | House |
| 18:43 | Build | Palisade Wall |
| 19:02 | Build | House |
| 19:08 | Build | House |
| 19:19 | Build | Blacksmith |
| 20:05 | Build | Mining Camp |
| 20:06 | Research | Castle Age |
| 20:40 | Build | Lumber Camp |
| 20:53 | Research | Gold Mining |
| 20:55 | Research | Stone Mining |
| 22:06 | Build | Mining Camp |
| 22:12 | Research | Scale Mail Armor |
| 22:18 | Create | Fishing Ship |
| 22:19 | Create | Fishing Ship |
| 22:28 | Create | Fishing Ship |
| 22:28 | Create | Fishing Ship |
| 22:28 | Create | Fishing Ship |
| 22:35 | Build | House |
| 22:36 | Build | House |
| 22:46 | Age | Castle Age |
| 22:56 | Research | Bow Saw |
| 22:56 | Research | Bow Saw |
| 23:00 | Create | Villager (Male) |
| 23:00 | Create | Villager (Male) |
| 23:15 | Research | Gillnets |
| 23:43 | Create | Villager (Male) |
| 23:57 | Build | Town Center |
| 24:23 | Build | Castle |
| 24:41 | Build | Siege Workshop |
| 24:49 | Create | Fishing Ship |
| 24:50 | Create | Fishing Ship |
| 24:52 | Create | Villager (Male) |
| 24:56 | Create | Villager (Male) |
| 25:28 | Create | Villager (Male) |
| 25:32 | Research | Gold Shaft Mining |
| 25:40 | Create | Demolition Raft |
| 25:41 | Create | Demolition Raft |
| 25:41 | Create | Demolition Raft |
| 25:42 | Create | Demolition Raft |
| 25:42 | Create | Demolition Raft |
| 25:42 | Create | Demolition Raft |
| 25:43 | Create | Demolition Raft |
| 26:01 | Create | Fire Galley |
| 26:10 | Create | Fire Galley |
| 26:31 | Create | Villager (Male) |
| 26:31 | Create | Villager (Male) |
| 26:43 | Build | Town Center |
| 26:48 | Create | Villager (Male) |
| 26:56 | Create | Magyar Huszar |
| 26:56 | Create | Magyar Huszar |
| 26:56 | Create | Magyar Huszar |
| 27:03 | Create | Battering Ram |
| 27:20 | Build | Stable |
| 27:27 | Create | Villager (Male) |
| 27:27 | Create | Villager (Male) |
| 27:36 | Create | Magyar Huszar |
| 27:36 | Create | Magyar Huszar |
| 27:40 | Create | Magyar Huszar |
| 27:40 | Create | Magyar Huszar |
| 27:42 | Create | Villager (Male) |
| 27:42 | Create | Villager (Male) |
| 28:02 | Build | Town Center |
| 28:27 | Create | Villager (Male) |
| 28:27 | Create | Villager (Male) |
| 28:38 | Create | Villager (Male) |
| 28:47 | Create | Villager (Male) |
| 28:51 | Research | Bloodlines |
| 28:55 | Create | Magyar Huszar |
| 28:55 | Create | Magyar Huszar |
| 28:55 | Create | Magyar Huszar |
Build order — younger
First 150 of 176 actions detected
| 3:46 | Build | Town Center |
| 5:27 | Build | House |
| 5:28 | Build | House |
| 5:41 | Create | Villager (Male) |
| 5:42 | Create | Villager (Male) |
| 5:42 | Create | Villager (Male) |
| 5:42 | Create | Villager (Male) |
| 5:42 | Create | Villager (Male) |
| 6:17 | Build | House |
| 6:19 | Build | House |
| 6:28 | Build | House |
| 7:13 | Create | Villager (Male) |
| 7:13 | Create | Villager (Male) |
| 7:37 | Create | Villager (Male) |
| 7:59 | Create | Villager (Male) |
| 8:29 | Create | Villager (Male) |
| 8:59 | Create | Villager (Male) |
| 9:00 | Create | Villager (Male) |
| 9:19 | Create | Villager (Male) |
| 9:44 | Create | Villager (Male) |
| 10:02 | Create | Villager (Male) |
| 10:40 | Build | Mill |
| 10:45 | Create | Villager (Male) |
| 10:45 | Create | Villager (Male) |
| 10:45 | Create | Villager (Male) |
| 10:45 | Create | Villager (Male) |
| 11:15 | Create | Villager (Male) |
| 11:39 | Create | Villager (Male) |
| 11:39 | Create | Villager (Male) |
| 11:56 | Build | Lumber Camp |
| 13:04 | Create | Villager (Male) |
| 13:43 | Create | Villager (Male) |
| 14:16 | Research | Feudal Age |
| 15:10 | Create | Villager (Male) |
| 15:18 | Build | House |
| 15:20 | Build | House |
| 15:21 | Build | House |
| 15:23 | Build | House |
| 15:26 | Create | Villager (Male) |
| 15:41 | Build | Barracks |
| 16:26 | Age | Feudal Age |
| 16:40 | Build | Blacksmith |
| 16:52 | Research | Wheelbarrow |
| 17:21 | Create | Villager (Male) |
| 17:57 | Create | Villager (Male) |
| 18:11 | Build | Stable |
| 18:26 | Create | Villager (Male) |
| 18:48 | Create | Villager (Male) |
| 19:04 | Build | Blacksmith |
| 19:47 | Research | Castle Age |
| 20:06 | Build | Farm |
| 20:08 | Build | Farm |
| 20:11 | Build | Farm |
| 20:16 | Research | Horse Collar |
| 20:27 | Build | Farm |
| 20:37 | Build | Farm |
| 20:54 | Create | Villager (Male) |
| 21:19 | Create | Villager (Male) |
| 21:27 | Build | Farm |
| 21:29 | Build | Farm |
| 21:31 | Build | Farm |
| 21:33 | Build | Farm |
| 21:34 | Build | Farm |
| 21:45 | Create | Villager (Male) |
| 22:27 | Age | Castle Age |
| 22:31 | Build | Town Center |
| 22:34 | Create | Villager (Male) |
| 22:41 | Research | Double-Bit Axe |
| 22:54 | Build | Farm |
| 23:43 | Build | Farm |
| 23:53 | Create | Villager (Male) |
| 23:53 | Create | Villager (Male) |
| 23:53 | Create | Villager (Male) |
| 23:53 | Create | Villager (Male) |
| 23:54 | Create | Villager (Male) |
| 23:59 | Research | Heavy Plow |
| 24:41 | Build | Archery Range |
| 24:46 | Create | Villager (Male) |
| 24:46 | Create | Villager (Male) |
| 24:46 | Create | Villager (Male) |
| 24:51 | Build | Farm |
| 24:55 | Build | Farm |
| 25:05 | Build | Farm |
| 25:07 | Build | Farm |
| 25:09 | Build | Farm |
| 25:10 | Build | Farm |
| 25:11 | Create | Villager (Male) |
| 25:12 | Create | Villager (Male) |
| 25:16 | Create | Villager (Male) |
| 26:34 | Create | Villager (Male) |
| 26:34 | Create | Villager (Male) |
| 26:35 | Create | Villager (Male) |
| 26:35 | Create | Villager (Male) |
| 26:35 | Create | Villager (Male) |
| 27:22 | Build | Town Center |
| 27:44 | Create | Elephant Archer ×4 |
| 27:54 | Build | House |
| 27:55 | Build | House |
| 27:56 | Build | House |
| 27:57 | Build | House |
| 27:58 | Build | House |
| 28:00 | Build | House |
| 28:01 | Build | House |
| 28:46 | Create | Villager (Male) |
| 28:46 | Create | Villager (Male) |
| 28:46 | Create | Villager (Male) |
| 28:47 | Create | Villager (Male) |
| 28:47 | Create | Villager (Male) |
| 28:47 | Create | Villager (Male) |
| 28:48 | Create | Villager (Male) |
| 28:48 | Create | Villager (Male) |
| 28:50 | Create | Villager (Male) |
| 28:50 | Create | Villager (Male) |
| 28:59 | Create | Scout Cavalry |
| 29:01 | Research | Husbandry |
| 29:17 | Build | Lumber Camp |
| 29:19 | Create | Villager (Male) |
| 29:20 | Create | Villager (Male) |
| 29:20 | Create | Villager (Male) |
| 29:28 | Research | Hand Cart |
| 29:29 | Research | Loom |
| 29:30 | Research | Town Watch |
| 29:38 | Build | Farm |
| 30:38 | Create | Elephant Archer ×4 |
| 31:13 | Build | Palisade Wall |
| 32:07 | Research | Bloodlines |
| 32:16 | Build | Mining Camp |
| 32:19 | Create | Villager (Male) |
| 32:20 | Create | Villager (Male) |
| 32:20 | Create | Villager (Male) |
| 32:20 | Create | Villager (Male) |
| 32:21 | Create | Villager (Male) |
| 32:21 | Create | Villager (Male) |
| 32:21 | Create | Villager (Male) |
| 32:41 | Create | Villager (Male) |
| 32:41 | Create | Villager (Male) |
| 32:41 | Create | Villager (Male) |
| 32:44 | Build | Mining Camp |
| 32:58 | Build | Stone Wall |
| 33:11 | Build | Watch Tower |
| 33:41 | Create | Villager (Male) |
| 33:41 | Create | Villager (Male) |
| 33:41 | Create | Villager (Male) |
| 34:19 | Research | Forging |
| 34:20 | Research | Fletching |
| 34:22 | Research | Padded Archer Armor |
| 35:11 | Build | Watch Tower |
| 35:12 | Create | Villager (Male) |
| 35:12 | Create | Villager (Male) |
| 35:13 | Create | Villager (Male) |
Build order — Andrus
First 150 of 188 actions detected
| 0:41 | Build | Town Center |
| 1:43 | Build | Dock |
| 1:47 | Build | House |
| 2:56 | Create | Villager (Male) |
| 2:56 | Create | Villager (Male) |
| 2:56 | Create | Villager (Male) |
| 2:57 | Create | Villager (Male) |
| 2:57 | Create | Villager (Male) |
| 3:42 | Research | Loom |
| 3:42 | Create | Villager (Male) |
| 4:07 | Create | Villager (Male) |
| 4:12 | Create | Fishing Ship |
| 5:10 | Build | House |
| 5:13 | Build | House |
| 5:16 | Create | Villager (Male) |
| 5:17 | Create | Villager (Male) |
| 6:10 | Create | Villager (Male) |
| 6:11 | Create | Villager (Male) |
| 6:47 | Create | Villager (Male) |
| 6:47 | Create | Villager (Male) |
| 6:47 | Create | Villager (Male) |
| 6:52 | Create | Fishing Ship |
| 6:52 | Create | Fishing Ship |
| 7:10 | Create | Villager (Male) |
| 7:10 | Create | Villager (Male) |
| 7:11 | Create | Villager (Male) |
| 7:34 | Create | Villager (Male) |
| 7:34 | Create | Villager (Male) |
| 7:34 | Create | Villager (Male) |
| 8:22 | Create | Villager (Male) |
| 8:49 | Build | House |
| 8:52 | Create | Villager (Male) |
| 8:53 | Create | Villager (Male) |
| 8:56 | Create | Villager (Male) |
| 9:03 | Build | Palisade Wall |
| 9:07 | Build | Palisade Wall |
| 9:09 | Build | Palisade Wall |
| 9:10 | Build | Palisade Wall |
| 9:11 | Build | Palisade Wall |
| 9:12 | Build | Palisade Wall |
| 9:13 | Build | Palisade Wall |
| 9:14 | Build | Palisade Wall |
| 9:31 | Create | Villager (Male) |
| 10:44 | Create | Fishing Ship |
| 10:44 | Create | Fishing Ship |
| 11:06 | Build | Mining Camp |
| 11:07 | Create | Villager (Male) |
| 11:36 | Build | House |
| 11:38 | Research | Feudal Age |
| 13:09 | Build | Mining Camp |
| 13:14 | Create | Villager (Male) |
| 13:14 | Create | Villager (Male) |
| 13:48 | Age | Feudal Age |
| 13:52 | Build | Palisade Wall |
| 14:09 | Build | Watch Tower |
| 14:24 | Build | Palisade Wall |
| 14:34 | Create | Villager (Male) |
| 14:35 | Create | Villager (Male) |
| 15:02 | Build | House |
| 15:26 | Build | House |
| 15:30 | Build | Palisade Wall |
| 15:31 | Create | Villager (Male) |
| 15:32 | Create | Villager (Male) |
| 15:32 | Create | Villager (Male) |
| 15:37 | Build | House |
| 15:40 | Build | House |
| 16:10 | Create | Villager (Male) |
| 16:20 | Build | Palisade Wall |
| 16:38 | Build | House |
| 16:41 | Build | House |
| 16:59 | Create | Villager (Male) |
| 16:59 | Create | Villager (Male) |
| 17:00 | Create | Villager (Male) |
| 17:36 | Build | House |
| 17:39 | Build | House |
| 17:51 | Build | House |
| 18:04 | Build | Watch Tower |
| 18:22 | Create | Villager (Male) |
| 18:22 | Create | Villager (Male) |
| 18:36 | Build | Blacksmith |
| 19:36 | Build | Palisade Wall |
| 19:41 | Build | Palisade Wall |
| 19:48 | Build | Palisade Wall |
| 19:49 | Create | Villager (Male) |
| 19:49 | Create | Villager (Male) |
| 19:50 | Create | Villager (Male) |
| 21:01 | Build | Watch Tower |
| 21:06 | Create | Villager (Male) |
| 21:06 | Create | Villager (Male) |
| 21:06 | Create | Villager (Male) |
| 21:06 | Create | Villager (Male) |
| 21:46 | Build | Palisade Wall |
| 21:54 | Create | Villager (Male) |
| 21:54 | Create | Villager (Male) |
| 21:54 | Create | Villager (Male) |
| 22:19 | Build | Palisade Wall |
| 22:28 | Build | Watch Tower |
| 22:35 | Build | Palisade Wall |
| 22:40 | Research | Fletching |
| 23:47 | Build | Mining Camp |
| 24:14 | Create | Villager (Male) |
| 24:15 | Create | Villager (Male) |
| 24:15 | Create | Villager (Male) |
| 24:15 | Create | Villager (Male) |
| 24:16 | Create | Villager (Male) |
| 26:09 | Create | Villager (Male) |
| 26:09 | Create | Villager (Male) |
| 26:10 | Create | Villager (Male) |
| 26:23 | Build | Mill |
| 26:58 | Build | Market |
| 27:01 | Build | House |
| 27:03 | Build | House |
| 27:04 | Build | House |
| 27:10 | Build | House |
| 27:11 | Build | House |
| 27:12 | Build | House |
| 27:27 | Build | Stone Wall |
| 27:33 | Build | Stone Wall |
| 27:36 | Build | Stone Wall |
| 28:43 | Research | Castle Age |
| 29:27 | Create | Villager (Male) |
| 30:35 | Build | Mining Camp |
| 30:52 | Build | Lumber Camp |
| 30:55 | Create | Villager (Male) |
| 30:55 | Create | Villager (Male) |
| 31:23 | Age | Castle Age |
| 31:33 | Build | Siege Workshop |
| 31:41 | Build | Town Center |
| 32:00 | Create | Villager (Male) |
| 32:00 | Create | Villager (Male) |
| 32:15 | Build | Farm |
| 32:34 | Build | Lumber Camp |
| 32:53 | Build | Farm |
| 32:56 | Build | Farm |
| 33:00 | Create | Villager (Male) |
| 33:00 | Create | Villager (Male) |
| 33:05 | Build | Farm |
| 34:01 | Build | Castle |
| 34:06 | Create | Villager (Male) |
| 34:07 | Create | Villager (Male) |
| 34:07 | Create | Villager (Male) |
| 34:10 | Build | Farm |
| 34:14 | Build | Farm |
| 34:17 | Build | Farm |
| 34:20 | Build | Farm |
| 34:23 | Build | Farm |
| 34:25 | Build | Farm |
| 34:28 | Build | Farm |
| 35:13 | Build | Outpost |
| 35:16 | Research | Town Watch |
Build order — Division 4
First 150 of 227 actions detected
| 0:07 | Build | House |
| 0:27 | Build | Town Center |
| 2:52 | Create | Villager (Male) |
| 2:52 | Create | Villager (Male) |
| 2:53 | Create | Villager (Male) |
| 3:14 | Build | Mill |
| 4:04 | Research | Loom |
| 4:45 | Create | Villager (Male) |
| 4:45 | Create | Villager (Male) |
| 4:54 | Create | Villager (Male) |
| 5:31 | Build | House |
| 5:39 | Create | Villager (Male) |
| 5:48 | Create | Villager (Male) |
| 6:23 | Create | Villager (Male) |
| 6:49 | Create | Villager (Male) |
| 6:50 | Create | Villager (Male) |
| 7:41 | Create | Villager (Male) |
| 7:50 | Build | House |
| 7:54 | Create | Villager (Male) |
| 8:30 | Build | House |
| 8:34 | Create | Villager (Male) |
| 8:35 | Create | Villager (Male) |
| 8:51 | Build | Dock |
| 9:14 | Create | Villager (Male) |
| 9:46 | Build | Palisade Wall |
| 9:54 | Create | Fishing Ship |
| 10:01 | Create | Villager (Male) |
| 10:02 | Create | Villager (Male) |
| 10:44 | Create | Fishing Ship |
| 10:56 | Create | Villager (Male) |
| 11:04 | Create | Villager (Male) |
| 11:25 | Create | Fishing Ship |
| 11:30 | Build | House |
| 11:32 | Build | House |
| 11:42 | Research | Feudal Age |
| 11:57 | Build | Palisade Wall |
| 12:13 | Build | Palisade Wall |
| 12:20 | Build | Barracks |
| 12:53 | Build | Mining Camp |
| 13:26 | Create | Villager (Male) |
| 13:27 | Create | Villager (Male) |
| 13:56 | Age | Feudal Age |
| 14:05 | Create | Villager (Male) |
| 14:15 | Build | Archery Range |
| 14:25 | Build | House |
| 14:26 | Build | House |
| 14:33 | Create | Villager (Male) |
| 15:05 | Build | Lumber Camp |
| 15:18 | Create | Villager (Male) |
| 15:24 | Create | Archer |
| 15:24 | Create | Archer |
| 15:47 | Research | Double-Bit Axe |
| 15:57 | Create | Villager (Male) |
| 16:00 | Create | Archer |
| 16:29 | Build | Blacksmith |
| 16:36 | Build | House |
| 16:50 | Build | Mill |
| 16:53 | Create | Villager (Male) |
| 16:53 | Create | Villager (Male) |
| 17:01 | Create | Archer |
| 17:02 | Create | Archer |
| 17:16 | Create | Demolition Raft |
| 17:20 | Create | Fishing Ship |
| 17:26 | Research | Fletching |
| 17:58 | Create | Villager (Male) |
| 18:00 | Create | Villager (Male) |
| 18:15 | Create | Villager (Male) |
| 18:21 | Create | Archer |
| 18:21 | Create | Archer |
| 18:37 | Create | Fishing Ship |
| 18:37 | Create | Fishing Ship |
| 18:44 | Create | Villager (Male) |
| 18:51 | Create | Villager (Male) |
| 18:57 | Create | Archer |
| 20:39 | Research | Castle Age |
| 20:44 | Create | Archer |
| 20:44 | Create | Archer |
| 21:12 | Build | House |
| 21:29 | Create | Archer |
| 21:29 | Create | Archer |
| 21:29 | Create | Archer |
| 21:47 | Build | Archery Range |
| 22:01 | Research | Gold Mining |
| 22:13 | Build | Mining Camp |
| 22:28 | Build | House |
| 22:43 | Create | Archer |
| 22:43 | Create | Archer |
| 22:43 | Create | Archer |
| 22:53 | Build | Archery Range |
| 23:04 | Create | Villager (Male) |
| 23:05 | Create | Villager (Male) |
| 23:19 | Age | Castle Age |
| 23:50 | Build | Town Center |
| 23:52 | Create | Villager (Male) |
| 23:52 | Create | Villager (Male) |
| 23:53 | Create | Villager (Male) |
| 24:00 | Build | House |
| 24:02 | Build | House |
| 24:18 | Build | University |
| 24:25 | Research | Crossbowman (upgrade) |
| 24:26 | Create | Archer |
| 24:26 | Create | Archer |
| 24:27 | Create | Archer |
| 24:39 | Research | Bodkin Arrow |
| 24:50 | Research | Tech 906 |
| 25:09 | Build | House |
| 25:12 | Build | Palisade Wall |
| 25:15 | Create | Villager (Male) |
| 25:26 | Create | Archer |
| 25:26 | Create | Archer |
| 25:26 | Create | Archer |
| 25:34 | Research | Pikeman (upgrade) |
| 25:44 | Research | Ballistics |
| 25:54 | Build | House |
| 25:56 | Build | House |
| 25:57 | Build | House |
| 26:12 | Research | Thumb Ring |
| 26:12 | Create | Archer |
| 26:13 | Create | Archer |
| 26:13 | Create | Archer |
| 26:16 | Create | Archer |
| 26:37 | Create | Villager (Male) |
| 26:37 | Create | Villager (Male) |
| 26:48 | Create | Villager (Male) |
| 27:18 | Create | Archer |
| 27:19 | Create | Archer |
| 27:19 | Create | Archer |
| 27:19 | Create | Archer |
| 27:20 | Create | Archer |
| 27:20 | Create | Archer |
| 27:20 | Create | Archer |
| 27:20 | Create | Archer |
| 27:33 | Create | Spearman |
| 27:33 | Create | Spearman |
| 27:52 | Research | Town Watch |
| 27:58 | Build | House |
| 28:02 | Build | House |
| 28:40 | Research | Padded Archer Armor |
| 28:46 | Research | Wheelbarrow |
| 28:50 | Build | Lumber Camp |
| 29:01 | Create | Fishing Ship |
| 29:02 | Create | Fishing Ship |
| 29:06 | Build | House |
| 29:07 | Build | House |
| 29:33 | Create | Villager (Male) |
| 29:33 | Create | Villager (Male) |
| 29:43 | Create | Villager (Male) |
| 29:43 | Create | Villager (Male) |
| 29:57 | Build | Farm |
| 29:57 | Build | Farm |
Build order — heibanbaomc2003
First 150 of 191 actions detected
| 0:16 | Build | Town Center |
| 1:58 | Build | Dock |
| 2:56 | Create | Villager (Male) |
| 2:56 | Create | Villager (Male) |
| 2:57 | Create | Villager (Male) |
| 2:57 | Create | Villager (Male) |
| 3:03 | Build | House |
| 4:04 | Build | House |
| 4:28 | Create | Villager (Male) |
| 4:59 | Create | Villager (Male) |
| 4:59 | Create | Villager (Male) |
| 5:22 | Create | Villager (Male) |
| 5:52 | Create | Villager (Male) |
| 5:52 | Create | Villager (Male) |
| 6:53 | Create | Fishing Ship |
| 7:01 | Create | Villager (Male) |
| 7:01 | Create | Villager (Male) |
| 7:08 | Build | House |
| 7:56 | Create | Villager (Male) |
| 7:57 | Create | Villager (Male) |
| 8:21 | Create | Fishing Ship |
| 8:27 | Build | Lumber Camp |
| 8:35 | Create | Villager (Male) |
| 8:36 | Create | Villager (Male) |
| 8:36 | Create | Villager (Male) |
| 8:36 | Create | Villager (Male) |
| 9:45 | Create | Villager (Male) |
| 9:48 | Create | Fishing Ship |
| 9:48 | Create | Fishing Ship |
| 10:08 | Create | Villager (Male) |
| 10:15 | Build | House |
| 10:21 | Create | Fishing Ship |
| 10:49 | Create | Villager (Male) |
| 10:50 | Create | Villager (Male) |
| 10:58 | Create | Fishing Ship |
| 11:22 | Create | Villager (Male) |
| 11:29 | Build | House |
| 11:30 | Build | House |
| 11:37 | Create | Villager (Male) |
| 12:11 | Build | Lumber Camp |
| 12:16 | Create | Villager (Male) |
| 12:16 | Create | Villager (Male) |
| 12:32 | Create | Fishing Ship |
| 13:02 | Create | Fishing Ship |
| 13:20 | Create | Villager (Male) |
| 13:26 | Create | Fishing Ship |
| 14:14 | Research | Feudal Age |
| 14:26 | Build | House |
| 14:27 | Build | House |
| 14:27 | Build | House |
| 14:29 | Build | House |
| 14:30 | Build | House |
| 14:31 | Build | House |
| 14:40 | Build | Barracks |
| 14:49 | Build | Mining Camp |
| 15:07 | Create | Villager (Male) |
| 15:07 | Create | Villager (Male) |
| 15:07 | Create | Villager (Male) |
| 16:01 | Build | Mill |
| 16:24 | Age | Feudal Age |
| 16:30 | Build | Fish Trap |
| 16:38 | Build | Fish Trap |
| 16:57 | Build | Archery Range |
| 17:06 | Build | Fish Trap |
| 17:13 | Create | Villager (Male) |
| 17:13 | Create | Villager (Male) |
| 17:13 | Create | Villager (Male) |
| 17:19 | Build | Mining Camp |
| 17:27 | Create | Fishing Ship |
| 17:37 | Research | Tech 906 |
| 17:49 | Build | Market |
| 18:10 | Create | Villager (Male) |
| 18:23 | Create | Archer |
| 18:23 | Create | Archer |
| 18:27 | Create | Archer |
| 18:27 | Create | Archer |
| 18:38 | Research | Double-Bit Axe |
| 18:49 | Create | Villager (Male) |
| 18:50 | Create | Villager (Male) |
| 18:51 | Create | Villager (Male) |
| 19:05 | Build | Dock |
| 19:26 | Create | Fishing Ship |
| 19:26 | Create | Fishing Ship |
| 19:27 | Create | Fishing Ship |
| 20:17 | Create | Villager (Male) |
| 20:17 | Create | Villager (Male) |
| 20:18 | Create | Villager (Male) |
| 20:26 | Build | Fish Trap |
| 20:32 | Build | Fish Trap |
| 20:37 | Build | Fish Trap |
| 20:48 | Create | Fishing Ship |
| 20:48 | Create | Fishing Ship |
| 21:06 | Build | Farm |
| 21:07 | Build | Farm |
| 21:09 | Build | Farm |
| 21:39 | Create | Archer |
| 21:39 | Create | Archer |
| 21:46 | Research | Castle Age |
| 22:05 | Build | Blacksmith |
| 22:14 | Create | Archer |
| 22:14 | Create | Archer |
| 22:15 | Create | Archer |
| 22:15 | Create | Archer |
| 22:40 | Build | Fish Trap |
| 22:45 | Build | Fish Trap |
| 22:52 | Build | Fish Trap |
| 23:24 | Research | Fletching |
| 23:25 | Research | Padded Archer Armor |
| 23:40 | Create | Fishing Ship |
| 23:41 | Create | Fishing Ship |
| 23:42 | Create | Fishing Ship |
| 23:46 | Build | Fish Trap |
| 23:50 | Build | Fish Trap |
| 24:00 | Build | Fish Trap |
| 24:19 | Build | Fish Trap |
| 24:26 | Build | Fish Trap |
| 24:26 | Age | Castle Age |
| 24:30 | Research | Gillnets |
| 24:55 | Create | Villager (Male) ×5 |
| 24:55 | Create | Villager (Male) ×5 |
| 25:01 | Build | House |
| 25:03 | Build | House |
| 25:03 | Build | House |
| 25:04 | Build | House |
| 25:28 | Build | Fish Trap |
| 25:45 | Research | Thumb Ring |
| 25:46 | Research | Crossbowman (upgrade) |
| 25:49 | Research | Bodkin Arrow |
| 25:57 | Build | Fish Trap |
| 26:09 | Create | Fishing Ship |
| 26:09 | Create | Fishing Ship |
| 26:09 | Create | Fishing Ship |
| 26:16 | Build | Fish Trap |
| 26:39 | Create | Archer |
| 26:39 | Create | Archer |
| 26:44 | Research | Leather Archer Armor |
| 27:03 | Build | Fish Trap |
| 27:18 | Build | Fish Trap |
| 27:24 | Create | Villager (Male) |
| 27:30 | Build | Town Center |
| 27:40 | Create | Villager (Male) |
| 27:40 | Create | Villager (Male) |
| 27:45 | Build | Fish Trap |
| 28:27 | Build | Archery Range |
| 28:29 | Build | Archery Range |
| 28:30 | Build | Archery Range |
| 29:31 | Build | University |
| 30:19 | Research | Elite Skirmisher (upgrade) |
| 30:19 | Create | Skirmisher ×5 |
| 30:20 | Create | Skirmisher ×5 |
Build order — Sairax
First 150 of 291 actions detected
| 0:49 | Build | Town Center |
| 1:18 | Build | House |
| 1:37 | Build | House |
| 3:10 | Create | Villager (Male) |
| 3:10 | Create | Villager (Male) |
| 3:10 | Create | Villager (Male) |
| 3:10 | Create | Villager (Male) |
| 3:11 | Create | Villager (Male) |
| 3:11 | Create | Villager (Male) |
| 3:37 | Build | Dock |
| 4:45 | Research | Loom |
| 4:48 | Create | Fishing Ship |
| 5:14 | Create | Villager (Male) |
| 5:15 | Create | Villager (Male) |
| 5:41 | Create | Villager (Male) |
| 5:57 | Create | Villager (Male) |
| 6:05 | Create | Villager (Male) |
| 6:24 | Build | House |
| 6:46 | Create | Villager (Male) |
| 6:46 | Create | Villager (Male) |
| 6:47 | Create | Villager (Male) |
| 6:47 | Create | Villager (Male) |
| 6:59 | Build | House |
| 7:28 | Create | Villager (Male) |
| 7:28 | Create | Villager (Male) |
| 7:37 | Create | Fishing Ship |
| 8:03 | Create | Villager (Male) |
| 8:03 | Create | Villager (Male) |
| 8:34 | Create | Fishing Ship |
| 9:19 | Create | Fishing Ship |
| 9:29 | Create | Villager (Male) |
| 10:02 | Build | Mill |
| 10:06 | Create | Villager (Male) |
| 10:26 | Create | Fishing Ship |
| 10:36 | Research | Feudal Age |
| 11:11 | Build | Mining Camp |
| 12:12 | Create | Villager (Male) |
| 12:12 | Create | Villager (Male) |
| 12:39 | Build | Palisade Wall |
| 12:51 | Age | Feudal Age |
| 12:58 | Build | Market |
| 13:05 | Build | House |
| 13:12 | Research | Wheelbarrow |
| 13:19 | Create | Villager (Male) |
| 13:20 | Create | Villager (Male) |
| 13:20 | Create | Villager (Male) |
| 14:19 | Build | Blacksmith |
| 14:53 | Research | Castle Age |
| 15:11 | Build | House |
| 15:12 | Build | House |
| 15:14 | Build | House |
| 15:15 | Build | House |
| 15:16 | Build | House |
| 15:18 | Build | House |
| 15:44 | Build | Mining Camp |
| 16:15 | Build | Lumber Camp |
| 16:23 | Research | Fletching |
| 16:38 | Research | Padded Archer Armor |
| 17:10 | Research | Double-Bit Axe |
| 17:20 | Create | Fishing Ship |
| 17:33 | Age | Castle Age |
| 17:35 | Create | Villager (Male) |
| 17:35 | Create | Villager (Male) |
| 17:49 | Research | Stone Mining |
| 18:04 | Create | Villager (Male) |
| 18:49 | Build | Town Center |
| 18:51 | Create | Villager (Male) |
| 18:52 | Create | Villager (Male) |
| 18:52 | Create | Villager (Male) |
| 19:15 | Build | Town Center |
| 19:27 | Create | Villager (Male) |
| 19:27 | Create | Villager (Male) |
| 19:33 | Create | Fishing Ship |
| 19:33 | Create | Fishing Ship |
| 20:28 | Create | Villager (Male) |
| 20:28 | Create | Villager (Male) |
| 20:28 | Create | Villager (Male) |
| 21:15 | Build | Farm |
| 21:17 | Build | Farm |
| 21:18 | Build | Farm |
| 21:19 | Build | Farm |
| 21:26 | Build | Farm |
| 21:30 | Create | Villager (Male) |
| 21:30 | Create | Villager (Male) |
| 21:30 | Create | Villager (Male) |
| 21:35 | Build | Farm |
| 21:35 | Build | Farm |
| 21:44 | Build | Farm |
| 21:45 | Build | Farm |
| 21:52 | Create | Villager (Male) |
| 21:52 | Create | Villager (Male) |
| 21:53 | Create | Villager (Male) |
| 22:06 | Build | Castle |
| 22:13 | Create | Villager (Male) |
| 22:13 | Create | Villager (Male) |
| 22:14 | Create | Villager (Male) |
| 22:14 | Create | Villager (Male) |
| 22:46 | Create | Villager (Male) |
| 22:47 | Create | Villager (Male) |
| 22:47 | Create | Villager (Male) |
| 23:02 | Create | Villager (Male) |
| 23:03 | Create | Villager (Male) |
| 23:03 | Create | Villager (Male) |
| 23:09 | Build | Farm |
| 23:10 | Build | Farm |
| 23:19 | Build | Farm |
| 23:20 | Create | Villager (Male) |
| 23:21 | Create | Villager (Male) |
| 23:21 | Create | Villager (Male) |
| 23:23 | Create | Villager (Male) |
| 23:23 | Create | Villager (Male) |
| 23:38 | Create | Villager (Male) |
| 24:00 | Create | Villager (Male) |
| 24:01 | Create | Villager (Male) |
| 24:03 | Create | Villager (Male) |
| 24:04 | Create | Villager (Male) |
| 24:05 | Create | Villager (Male) |
| 24:08 | Create | Villager (Male) |
| 24:08 | Create | Villager (Male) |
| 24:08 | Create | Villager (Male) |
| 24:18 | Build | Dock |
| 24:28 | Create | Villager (Male) |
| 24:29 | Create | Villager (Male) |
| 24:29 | Create | Villager (Male) |
| 24:31 | Create | Longbowman |
| 24:31 | Create | Longbowman |
| 24:34 | Create | Villager (Male) |
| 24:34 | Create | Villager (Male) |
| 24:48 | Research | Gold Mining |
| 25:05 | Research | Tech 906 |
| 25:07 | Create | Fishing Ship |
| 25:08 | Create | Fishing Ship |
| 25:12 | Create | Longbowman |
| 25:21 | Create | Villager (Male) |
| 25:21 | Create | Villager (Male) |
| 25:21 | Create | Villager (Male) |
| 25:38 | Create | Villager (Male) |
| 25:38 | Create | Villager (Male) |
| 25:39 | Create | Villager (Male) |
| 25:41 | Create | Longbowman |
| 25:41 | Create | Longbowman |
| 25:48 | Build | Barracks |
| 25:53 | Create | Villager (Male) |
| 25:53 | Create | Villager (Male) |
| 25:54 | Create | Villager (Male) |
| 25:57 | Create | Villager (Male) |
| 26:05 | Build | University |
| 26:09 | Build | House |
| 26:14 | Create | Villager (Male) |
| 26:14 | Create | Villager (Male) |
Build order — Kei Nagase
First 150 of 239 actions detected
| 1:47 | Build | Town Center |
| 3:38 | Create | Villager (Male) |
| 3:38 | Create | Villager (Male) |
| 3:39 | Create | Villager (Male) |
| 3:39 | Create | Villager (Male) |
| 4:35 | Build | House |
| 4:37 | Build | House |
| 5:41 | Create | Villager (Male) |
| 5:57 | Create | Villager (Male) |
| 5:58 | Create | Villager (Male) |
| 6:32 | Create | Villager (Male) |
| 6:32 | Create | Villager (Male) |
| 7:20 | Create | Villager (Male) |
| 7:30 | Build | House |
| 7:45 | Build | Mill |
| 8:02 | Create | Villager (Male) |
| 8:02 | Create | Villager (Male) |
| 8:03 | Create | Villager (Male) |
| 9:16 | Create | Villager (Male) |
| 9:26 | Build | Lumber Camp |
| 9:33 | Build | House |
| 9:40 | Create | Villager (Male) |
| 9:56 | Build | Mill |
| 10:01 | Create | Villager (Male) |
| 10:36 | Create | Villager (Male) |
| 10:37 | Create | Villager (Male) |
| 11:18 | Create | Villager (Male) |
| 11:53 | Create | Villager (Male) |
| 12:16 | Research | Feudal Age |
| 12:16 | Research | Feudal Age |
| 13:23 | Build | House |
| 13:30 | Build | Barracks |
| 13:45 | Build | Dock |
| 14:02 | Create | Villager (Male) |
| 14:03 | Create | Villager (Male) |
| 14:28 | Age | Feudal Age |
| 14:35 | Build | Market |
| 15:17 | Build | House |
| 15:22 | Create | Villager (Male) |
| 15:43 | Create | Villager (Male) |
| 16:13 | Create | Villager (Male) |
| 16:47 | Create | Villager (Male) |
| 17:12 | Create | Villager (Male) |
| 17:29 | Build | House |
| 17:37 | Build | Stone Wall |
| 17:49 | Build | Blacksmith |
| 17:56 | Create | Villager (Male) |
| 17:57 | Create | Villager (Male) |
| 18:03 | Create | Fishing Ship |
| 18:03 | Create | Fishing Ship |
| 18:20 | Build | Mining Camp |
| 18:26 | Research | Castle Age |
| 18:59 | Build | Dock |
| 19:14 | Create | Fishing Ship |
| 19:52 | Create | Fishing Ship |
| 20:13 | Research | Horse Collar |
| 20:21 | Research | Double-Bit Axe |
| 20:24 | Create | Fishing Ship |
| 20:28 | Create | Fishing Ship |
| 20:35 | Create | Villager (Male) |
| 20:36 | Create | Villager (Male) |
| 21:05 | Create | Villager (Male) |
| 21:05 | Create | Villager (Male) |
| 21:08 | Age | Castle Age |
| 21:19 | Build | House |
| 21:20 | Build | House |
| 21:22 | Build | House |
| 21:23 | Build | House |
| 21:24 | Build | House |
| 21:26 | Create | Fishing Ship |
| 21:41 | Build | Lumber Camp |
| 21:45 | Create | Villager (Male) |
| 22:31 | Create | Villager (Male) |
| 22:31 | Create | Villager (Male) |
| 22:32 | Create | Villager (Male) |
| 22:52 | Create | Fishing Ship |
| 22:52 | Create | Fishing Ship |
| 22:52 | Create | Fishing Ship |
| 23:10 | Build | Mining Camp |
| 23:14 | Create | Villager (Male) |
| 23:18 | Create | Fishing Ship |
| 23:46 | Create | Villager (Male) |
| 23:47 | Create | Villager (Male) |
| 23:54 | Build | Archery Range |
| 23:59 | Create | Villager (Male) |
| 24:10 | Create | Fishing Ship |
| 24:23 | Build | Stone Wall |
| 24:28 | Create | Fishing Ship |
| 24:37 | Research | Bow Saw |
| 24:52 | Create | Fishing Ship |
| 24:52 | Create | Fishing Ship |
| 25:09 | Create | Villager (Male) |
| 25:34 | Build | Town Center |
| 25:38 | Create | Fishing Ship |
| 25:40 | Create | Fishing Ship |
| 25:42 | Create | Villager (Male) |
| 26:01 | Create | Villager (Male) |
| 26:10 | Create | Villager (Male) |
| 26:19 | Create | Villager (Male) |
| 26:22 | Create | Fishing Ship |
| 26:23 | Create | Fishing Ship |
| 26:39 | Create | Caravel |
| 26:40 | Create | Caravel |
| 26:40 | Create | Caravel |
| 26:40 | Create | Caravel |
| 26:58 | Create | Villager (Male) |
| 27:09 | Create | Caravel |
| 27:09 | Create | Caravel |
| 27:10 | Create | Caravel |
| 27:12 | Create | Villager (Male) |
| 27:13 | Create | Villager (Male) |
| 27:16 | Research | Horse Collar |
| 27:20 | Build | Farm |
| 27:21 | Build | Farm |
| 27:22 | Build | Farm |
| 27:25 | Build | Farm |
| 27:26 | Build | Farm |
| 27:29 | Create | Villager (Male) |
| 27:30 | Create | Villager (Male) |
| 27:59 | Build | House |
| 28:00 | Build | House |
| 28:01 | Build | House |
| 28:02 | Build | House |
| 28:03 | Build | House |
| 28:04 | Build | House |
| 28:07 | Research | Wheelbarrow |
| 28:23 | Build | House |
| 28:24 | Build | House |
| 28:25 | Build | House |
| 28:28 | Build | Siege Workshop |
| 28:34 | Build | University |
| 28:37 | Create | Villager (Male) |
| 28:38 | Create | Villager (Male) |
| 28:54 | Create | Fishing Ship |
| 28:54 | Create | Fishing Ship |
| 28:59 | Create | Villager (Male) |
| 29:03 | Build | House |
| 29:13 | Build | Farm |
| 29:14 | Build | Farm |
| 29:17 | Build | Farm |
| 29:18 | Build | Farm |
| 29:19 | Build | Farm |
| 29:23 | Build | Farm |
| 29:34 | Create | Villager (Male) |
| 29:34 | Create | Villager (Male) |
| 29:48 | Create | Villager (Male) |
| 29:49 | Create | Villager (Male) |
| 29:54 | Build | Farm |
| 30:04 | Build | Castle |
| 30:07 | Create | Villager (Male) |
Match timeline
| 1:43 | Andrus · first_building Dock |
| 1:58 | heibanbaomc2003 · first_building Dock |
| 2:53 | javier.dominguez · first_building Dock |
| 3:37 | Sairax · first_building Dock |
| 8:51 | Division 4 · first_building Dock |
| 9:03 | Andrus · wall_segment Palisade Wall x4 |
| 9:07 | Andrus · wall_segment Palisade Wall x1 |
| 9:09 | Andrus · wall_segment Palisade Wall x1 |
| 9:10 | Andrus · wall_segment Palisade Wall x1 |
| 9:11 | Andrus · wall_segment Palisade Wall x1 |
| 9:12 | Andrus · wall_segment Palisade Wall x1 |
| 9:13 | Andrus · wall_segment Palisade Wall x1 |
| 9:14 | Andrus · wall_segment Palisade Wall x1 |
| 9:46 | Division 4 · wall_segment Palisade Wall x1 |
| 10:52 | 2384823078 · first_building Barracks |
| 11:57 | Division 4 · wall_segment Palisade Wall x1 |
| 12:13 | Division 4 · wall_segment Palisade Wall x1 |
| 12:20 | Division 4 · first_building Barracks |
| 12:39 | Sairax · wall_segment Palisade Wall x1 |
| 12:51 | Sairax · age_up feudal |
| 12:54 | 2384823078 · wall_segment Palisade Wall x1 |
| 13:30 | Kei Nagase · first_building Barracks |
| 13:45 | Kei Nagase · first_building Dock |
| 13:48 | Andrus · age_up feudal |
| 13:52 | Andrus · wall_segment Palisade Wall x6 |
| 13:56 | 2384823078 · age_up feudal |
| 13:56 | Division 4 · age_up feudal |
| 14:15 | Division 4 · first_building Archery Range |
| 14:24 | Andrus · wall_segment Palisade Wall x3 |
| 14:25 | 2384823078 · wall_segment Palisade Wall x1 |
| 14:26 | 2384823078 · wall_segment Palisade Wall x1 |
| 14:27 | 2384823078 · wall_segment Palisade Wall x1 |
| 14:27 | javier.dominguez · first_building Barracks |
| 14:28 | Kei Nagase · age_up feudal |
| 14:40 | heibanbaomc2003 · first_building Barracks |
| 14:47 | 2384823078 · first_building Archery Range |
| 15:30 | Andrus · wall_segment Palisade Wall x1 |
| 15:41 | younger · first_building Barracks |
| 16:10 | Kei Nagase · first_market_sell 100 stone |
| 16:18 | javier.dominguez · age_up feudal |
| 16:20 | Andrus · wall_segment Palisade Wall x1 |
| 16:24 | heibanbaomc2003 · age_up feudal |
| 16:26 | younger · age_up feudal |
| 16:48 | javier.dominguez · wall_segment Palisade Wall x1 |
| 16:50 | javier.dominguez · wall_segment Palisade Wall x1 |
| 16:57 | heibanbaomc2003 · first_building Archery Range |
| 17:33 | Sairax · age_up castle |
| 17:37 | Kei Nagase · wall_segment Stone Wall x1 |
| 18:11 | younger · first_building Stable |
| 18:28 | 2384823078 · first_market_buy 100 food |
| 18:43 | javier.dominguez · wall_segment Palisade Wall x1 |
| 19:12 | 2384823078 · first_market_sell 100 wood |
| 19:13 | javier.dominguez · first_market_buy 100 wood |
| 19:36 | Andrus · wall_segment Palisade Wall x10 |
| 19:41 | Andrus · wall_segment Palisade Wall x8 |
| 19:41 | heibanbaomc2003 · tribute_sent a jugador 1 |
| 19:41 | heibanbaomc2003 · tribute_sent a jugador 2 |
| 19:41 | heibanbaomc2003 · tribute_sent a jugador 3 |
| 19:41 | heibanbaomc2003 · tribute_sent a jugador 4 |
| 19:41 | heibanbaomc2003 · tribute_sent a jugador 5 |
| 19:41 | heibanbaomc2003 · tribute_sent a jugador 7 |
| 19:41 | heibanbaomc2003 · tribute_sent a jugador 8 |
| 19:48 | Andrus · wall_segment Palisade Wall x3 |
| 21:08 | Kei Nagase · age_up castle |
| 21:10 | 2384823078 · age_up castle |
| 21:46 | Andrus · wall_segment Palisade Wall x8 |
| 22:06 | Sairax · first_building Castle |
| 22:19 | Andrus · wall_segment Palisade Wall x4 |
| 22:27 | younger · age_up castle |
| 22:35 | Andrus · wall_segment Palisade Wall x1 |
| 22:46 | javier.dominguez · age_up castle |
| 23:02 | Kei Nagase · tribute_sent a jugador 1 |
| 23:02 | Kei Nagase · tribute_sent a jugador 2 |
| 23:02 | Kei Nagase · tribute_sent a jugador 3 |
| 23:02 | Kei Nagase · tribute_sent a jugador 4 |
| 23:02 | Kei Nagase · tribute_sent a jugador 5 |
| 23:02 | Kei Nagase · tribute_sent a jugador 6 |
| 23:02 | Kei Nagase · tribute_sent a jugador 7 |
| 23:09 | heibanbaomc2003 · tribute_sent a jugador 1 |
| 23:09 | heibanbaomc2003 · tribute_sent a jugador 2 |
| 23:09 | heibanbaomc2003 · tribute_sent a jugador 3 |
| 23:09 | heibanbaomc2003 · tribute_sent a jugador 4 |
| 23:09 | heibanbaomc2003 · tribute_sent a jugador 5 |
| 23:09 | heibanbaomc2003 · tribute_sent a jugador 7 |
| 23:09 | heibanbaomc2003 · tribute_sent a jugador 8 |
| 23:17 | 2384823078 · first_building Castle |
| 23:19 | Division 4 · age_up castle |
| 23:44 | Kei Nagase · tribute_sent a jugador 1 |
| 23:44 | Kei Nagase · tribute_sent a jugador 2 |
| 23:44 | Kei Nagase · tribute_sent a jugador 3 |
| 23:44 | Kei Nagase · tribute_sent a jugador 4 |
| 23:44 | Kei Nagase · tribute_sent a jugador 5 |
| 23:44 | Kei Nagase · tribute_sent a jugador 6 |
| 23:44 | Kei Nagase · tribute_sent a jugador 7 |
| 23:54 | Kei Nagase · first_building Archery Range |
| 24:23 | javier.dominguez · first_building Castle |
| 24:23 | Kei Nagase · wall_segment Stone Wall x1 |
| 24:26 | heibanbaomc2003 · age_up castle |
| 24:41 | javier.dominguez · first_building Siege Workshop |
| 24:41 | younger · first_building Archery Range |
| 25:12 | Division 4 · wall_segment Palisade Wall x1 |
| 25:48 | Sairax · first_building Barracks |
| 27:13 | Sairax · first_building Archery Range |
| 27:20 | javier.dominguez · first_building Stable |
| 27:27 | Andrus · wall_segment Stone Wall x8 |
| 27:33 | Andrus · wall_segment Stone Wall x3 |
| 27:36 | Andrus · wall_segment Stone Wall x4 |
| 28:28 | Kei Nagase · first_building Siege Workshop |
| 28:37 | Andrus · first_market_buy 100 food |
| 29:40 | heibanbaomc2003 · tribute_sent a jugador 1 |
| 29:40 | heibanbaomc2003 · tribute_sent a jugador 2 |
| 29:40 | heibanbaomc2003 · tribute_sent a jugador 3 |
| 29:40 | heibanbaomc2003 · tribute_sent a jugador 4 |
| 29:41 | heibanbaomc2003 · tribute_sent a jugador 5 |
| 29:41 | heibanbaomc2003 · tribute_sent a jugador 7 |
| 29:41 | heibanbaomc2003 · tribute_sent a jugador 8 |
| 30:04 | Kei Nagase · first_building Castle |
| 30:15 | Kei Nagase · first_building Monastery |
| 30:37 | heibanbaomc2003 · wall_segment Stone Wall x2 |
| 31:13 | younger · wall_segment Palisade Wall x8 |
| 31:23 | Andrus · age_up castle |
| 31:33 | Andrus · first_building Siege Workshop |
| 31:46 | Sairax · first_market_sell 500 wood |
| 32:09 | Kei Nagase · first_market_buy 100 food |
| 32:19 | heibanbaomc2003 · first_building Monastery |
| 32:22 | Division 4 · first_building Siege Workshop |
| 32:58 | younger · wall_segment Stone Wall x14 |
| 34:01 | Andrus · first_building Castle |
| 34:59 | Sairax · age_up imperial |
| 35:28 | Kei Nagase · age_up imperial |
| 35:36 | heibanbaomc2003 · first_building Stable |
| 35:56 | heibanbaomc2003 · first_market_sell 500 food |
| 37:02 | Sairax · wall_segment Stone Wall x2 |
| 37:14 | heibanbaomc2003 · age_up imperial |
| 37:16 | javier.dominguez · age_up imperial |
| 37:45 | Division 4 · first_building Monastery |
| 38:19 | javier.dominguez · first_market_sell 100 wood |
| 38:42 | 2384823078 · resign |
| 38:44 | Division 4 · age_up imperial |
[ AI ANALYSIS · 1 CREDIT ]
What really happened in this match?
Wolo.gg analyzes every decision: build order, eco, micro, common mistakes by bracket. Personalized analysis on WhatsApp or Discord in 30 seconds.
Civ guide
Italians
Map guide
Nomad
Perfil
Jugador #24110313